 Dungeon Crawl Stone Soup version 0.26-a0-597-gb535b0901c (webtiles) character file.

Game seed: 12196550192383109160

33 Alarkh the Insei (level 3, 14/28 HPs)
             Began as a Demonspawn Gladiator on Sept 15, 2020.
             Got out of the dungeon alive.
             The game lasted 00:00:59 (649 turns).

Alarkh the Insei (Demonspawn Gladiator)              Turns: 649, Time: 00:01:00

Health: 14/28      AC:  5    Str: 14    XL:     3   Next: 12%
Magic:  3/3        EV: 12    Int: 10    God:
Gold:   41         SH:  5    Dex: 14    Spells: 2/2 levels left

rFire    . . .     SeeInvis .     - Unarmed
rCold    + . .     Faith    .   (no shield)
rNeg     . . .     Spirit   .   a - +0 leather armour
rPois    .         Reflect  +   b - +0 helmet
rElec    .         Harm     .   (no cloak)
rCorr    .                      (no gloves)
MR       .....                  d - +0 pair of boots (curse)
Stlth    ..........             n - amulet of reflection
HPRegen  0.09/turn              i - ring of attention (curse)
MPRegen  0.08/turn              (no ring)

@: no status effects
A: claws 1, cold resistance 1
a: no special abilities


You escaped.
You visited 1 branch of the dungeon, and saw 2 of its levels.

You collected 41 gold pieces.

Inventory:

Missiles
 c - 3 throwing nets (quivered)
Armour
 a - a +0 leather armour (worn)
 b - a +0 helmet (worn)
 d - a cursed +0 pair of boots (worn)
Jewellery
 i - a cursed ring of attention (left claw)
 n - an amulet of reflection (around neck)
Scrolls
 g - a scroll of teleportation {unknown}
 k - a scroll of fear {unknown}
 l - a scroll of enchant weapon {unknown}
 m - a scroll of remove curse {unknown}
 o - a scroll of magic mapping {unknown}
 r - a scroll of identify
Potions
 e - a potion of flight
 f - a potion of heal wounds {unknown}
 h - a potion of curing {unknown}
 j - a potion of might {unknown}
 p - a potion of berserk rage {unknown}


   Skills:
 + Level 2.5 Fighting
 - Level 1.7 Throwing
 - Level 2.6 Dodging
 * Level 3.5 Unarmed Combat


You had 2 spell levels left.
You didn't know any spells.
Your spell library was empty.

Dungeon Overview and Level Annotations

Branches:
Dungeon (2/15)

Altars:


Innate Abilities, Weirdness & Mutations

You have sharp fingernails.
Your flesh is cold resistant. (rC+)


Message History

You closely miss the jackal. The jackal closely misses you.
You claw the jackal!
You kill the jackal!
You feel sick.
You are no longer poisoned.
You block the leopard gecko's attack.
You barely miss the leopard gecko. You block the leopard gecko's attack.
You barely miss the leopard gecko. The leopard gecko bites you.
You scratch the leopard gecko.
The leopard gecko is moderately wounded.
You block the leopard gecko's attack.
You scratch the leopard gecko.
You kill the leopard gecko!
You see here a jackal corpse.
Things that are here:
a +0 dagger; a goblin skeleton
There is an open door here.
There is a staircase leading out of the dungeon here.
Are you sure you want to leave the Dungeon?
This will make you lose the game!
You have escaped!

##### #...#..##.#.##..#...# ....#
#..###.#8.#.8#.###..# ....#
#..###.##.#.##.###..# ....#
#...#..#8.#.8#..#...# ....#
#......##.#.##......# ....#
#.######8...8######.# ....#
#.#8#8#8#...#8#8#8#.# ....#
#.#.).............#.####### ....#
#.'.###...@...###.+.......# #####
#)#...............#.......#
#######.#8#8#8#...#8#8#8#.......#
........######8...8######.......#
######.......##.#.##............#
#....#..#8.#.8#..#.........#
#...###.##.#.##.###..#######
#...###.#8.#.8#.###..#
##....#..##.#.##..#...#


There were no monsters in sight!

Vanquished Creatures
  A leopard gecko (D:1)
  5 bats
  2 goblins (D:1)
  4 hobgoblins
  5 jackals
  A quokka (D:2)
  5 kobolds
  6 rats
29 creatures vanquished.

Notes
Turn   | Place    | Note
-------+----------+-------------------------------------------
     0 | D:1      | Alarkh the Demonspawn Gladiator began the quest for the
                  | Orb.
     0 | D:1      | Reached XP level 1. HP: 16/16 MP: 1/1
   124 | D:1      | Reached skill level 3 in Unarmed Combat
   254 | D:1      | Gained mutation: You have sharp fingernails. [demonic
                  | ancestry]
   254 | D:1      | Reached XP level 2. HP: 22/22 MP: 2/2
   585 | D:2      | Gained mutation: Your flesh is cold resistant. (rC+)
                  | [demonic ancestry]
   585 | D:2      | Reached XP level 3. HP: 23/28 MP: 3/3
   649 | D:$      | Got out of the dungeon alive.

Illustrated notes

Levels and vault maps discovered:
D:1:      heliophobic_arrival_ceremonial_halls, layout_basic
D:2:      layout_basic, nicolae_dithmenos_shadow_blocks

Skill      XL: |  1 |
---------------+----+-----
Unarmed Combat | 3 |  3.5
Fighting       | |  2.5
Throwing       | |  1.7
Dodging        | |  2.6

Action                   || total
-------------------------++-------
Melee: Unarmed           ||   114
       Punch             ||     1
  Use: Scroll            ||     1
Armor: Leather armour    ||    44
Dodge: Dodged            ||    94
Block: Other             ||    17

Table legend: (Time is in decaauts)
 A = Elapsed time spent in this place.
 B = Non-inter-level travel time spent in this place.
 C = Inter-level travel time spent in this place.
 D = Time resting spent in this place.
 E = Time spent auto-exploring this place.
 F = Levels seen in this place.
 G = Mean time per level.
                   A        B        C        D        E       F      G
               +--------+--------+--------+--------+--------+-----+--------+
         Total |    641 |    585 |     56 |      0 |    353 |   2 |  320.5 |
       Dungeon |    641 |    585 |     56 |      0 |    353 |   2 |  320.5 |
               +--------+--------+--------+--------+--------+-----+--------+

Top non-repeatable levels by time:
     D:1: 466 daAuts
     D:2: 174 daAuts
